 Dungeon Sprint DCSS version 0.26-a0-695-g987792ac36 (webtiles) character file.

Game seed: 543009310885498788

2159 mhtbhm the Impaler (level 9, -2/78 HPs)
             Began as a Merfolk Fighter on Oct 25, 2020.
             Was an Elder of Trog.
             Slain by a cane toad (14 damage)
             ... in the Dungeon (Sprint IX: "|||||||||||||||||||||||||||||").
             The game lasted 00:01:08 (722 turns).

mhtbhm the Impaler (Merfolk Fighter)                 Turns: 722, Time: 00:01:09

Health: -2/78      AC: 12    Str: 22    XL:     9   Next: 31%
Magic:  9/9        EV: 13    Int:  7    God:    Trog [****..]
Gold:   0          SH: 12    Dex: 14    Spells: 8/8 levels left

rFire    . . .     SeeInvis .   a - +0 trident
rCold    . . .     Faith    .   c - +0 kite shield
rNeg     . . .     Spirit   .   b - +0 scale mail
rPois    .         Reflect  .   (no helmet)
rElec    .         Harm     .   (no cloak)
rCorr    .         Rampage  .   o - +0 pair of gloves
MR       .....     NoTele   +   n - +0 pair of boots
Stlth    ..........             (no amulet)
HPRegen  0.23/turn              p - +3 ring of strength
MPRegen  0.11/turn              q - +2 ring of protection

@: lethally poisoned (-2 -> -20), berserk cooldown, slowed, very slow
A: change form in water, swift swim, stealthy swim
a: Berserk, Trog's Hand, Brothers in Arms, Renounce Religion


You were in the Dungeon.
You worshipped Trog.
Trog was greatly pleased with you.
You visited 1 branch

Inventory:

Hand Weapons
 a - a +0 trident (weapon)
Armour
 b - a +0 scale mail (worn)
 c - a +0 kite shield (worn)
 n - a +0 pair of boots (worn)
 o - a +0 pair of gloves (worn)
Jewellery
 p - a +3 ring of strength (left hand)
 q - a +2 ring of protection (right hand)
Wands
 m - a wand of acid (7)
Scrolls
 j - 2 scrolls of blinking
 l - 5 scrolls of remove curse
 r - 2 scrolls of enchant armour
 s - a scroll of fear
 t - a scroll of fog
Potions
 d - a potion of might
 e - 6 potions of curing
 f - 7 potions of heal wounds
 g - a potion of haste
 h - 4 potions of magic
 i - a potion of stabbing
 k - a potion of invisibility


   Skills:
 + Level 10.2 Fighting
 + Level 15.2 Polearms
 + Level 8.0 Armour
 + Level 7.1 Dodging
 + Level 0.2 Stealth
 + Level 10.3 Shields
 + Level 1.7 Evocations


You had 8 spell levels left.
You didn't know any spells.
Your spell library was empty.

Dungeon Overview and Level Annotations

Branches:
Dungeon (1/1)

Altars:
Cheibriados
Dithmenos
Elyvilon
Fedhas
Gozag
Hepliaklqana
Kikubaaqudgha
Makhleb
Nemelex Xobeh
Okawaru
Qazlal
Ru
Sif Muna
Trog
Uskayaw
Vehumet
Wu Jian
Xom
Yredelemnul
Zin
The Shining One
Beogh
Jiyva
Lugonu


Message History

You closely miss the cane toad.
The cane toad is almost dead.
You feel sick. The cane toad stings you!
* * * LOW HITPOINT WARNING * * *
You are lethally poisoned!
The cane toad poisons you!
Unknown command.
You puncture the cane toad!
You kill the cane toad!
Trog accepts your kill.
Your Polearms skill increases to level 15!
Your Armour skill increases to level 8!
Your Dodging skill increases to level 7!
* * * LOW HITPOINT WARNING * * *
You feel sick.
The blink frog blinks!
You puncture the cane toad!
The cane toad is heavily wounded.
* * * LOW HITPOINT WARNING * * *
You feel sick. The cane toad stings you!
You die...

▓.▓_▓
▓.▓.▓_▓
▓.▓.▓_▓
▓F▓.▓_▓
▓.▓.▓_▓
▓§▓.▓_▓
▓.▓.▓_▓
▓F▓.▓_▓
▓@▓.▓_▓
▓.▓.▓_▓
▓.▓.▓_▓
▓.▓.▓_▓
▓.▓.▓'▓
▓[▓.▓.▓
▓)▓.▓.▓
▓=▓.▓.▓
▓!▓.▓.▓


You could see a cane toad (corroded) and a blink frog (corroded).

Vanquished Creatures
  A black mamba (D)
  2 cane toads (D)
  A troll (D)
  A yak (D)
  2 water moccasins (D)
  A sky beast (D)
  3 orc warriors (D)
  A black bear (D)
  A bullfrog (D)
  2 scorpions (D)
  A killer bee (D)
  2 adders (D)
  An adder skeleton (D)
  A dart slug (D)
  A leopard gecko (D)
  2 orcs (D)
  A bat (D)
  A bat zombie (D)
  A goblin (D)
  A quokka (D)
  2 rats (D)
29 creatures vanquished.

Notes
Turn   | Place    | Note
-------+----------+-------------------------------------------
     0 | D        | mhtbhm the Merfolk Fighter began the quest for the Orb.
     0 | D        | Reached XP level 1. HP: 18/18 MP: 1/1
    14 | D        | Reached XP level 2. HP: 25/25 MP: 2/2
   109 | D        | Reached skill level 4 in Polearms
   115 | D        | Reached XP level 3. HP: 24/31 MP: 3/3
   122 | D        | Found a roughly hewn altar of Beogh.
   122 | D        | Found a snail-covered altar of Cheibriados.
   122 | D        | Found a shadowy altar of Dithmenos.
   122 | D        | Found a white marble altar of Elyvilon.
   122 | D        | Found a blossoming altar of Fedhas.
   122 | D        | Found an opulent altar of Gozag.
   123 | D        | Found a hazy altar of Hepliaklqana.
   124 | D        | Found a viscous altar of Jiyva.
   125 | D        | Found an ancient bone altar of Kikubaaqudgha.
   126 | D        | Found a corrupted altar of Lugonu.
   127 | D        | Found a burning altar of Makhleb.
   128 | D        | Found a sparkling altar of Nemelex Xobeh.
   129 | D        | Found an iron altar of Okawaru.
   130 | D        | Found a stormy altar of Qazlal.
   131 | D        | Found a sacrificial altar of Ru.
   132 | D        | Found a shimmering blue altar of Sif Muna.
   133 | D        | Found a bloodstained altar of Trog.
   134 | D        | Found a hide-covered altar of Uskayaw.
   135 | D        | Found a radiant altar of Vehumet.
   136 | D        | Found an ornate altar of the Wu Jian Council.
   137 | D        | Found a shimmering altar of Xom.
   138 | D        | Found a basalt altar of Yredelemnul.
   139 | D        | Found a glowing silver altar of Zin.
   140 | D        | Found a glowing golden altar of the Shining One.
   141 | D        | Became a worshipper of Trog the Wrathful
   186 | D        | Noticed an orc warrior
   186 | D        | Noticed an orc warrior
   186 | D        | Noticed a scorpion
   186 | D        | Noticed a sky beast
   197 | D        | Killed a scorpion
   197 | D        | Reached skill level 5 in Fighting
   197 | D        | Reached skill level 5 in Polearms
   197 | D        | Reached skill level 1 in Dodging
   197 | D        | Reached skill level 5 in Shields
   197 | D        | Reached XP level 4. HP: 38/39 MP: 4/4
   199 | D        | Killed a sky beast
   199 | D        | Reached skill level 7 in Polearms
   199 | D        | Reached XP level 5. HP: 46/47 MP: 5/5
   205 | D        | Killed an orc warrior
   205 | D        | Reached * piety under Trog
   205 | D        | Reached skill level 8 in Polearms
   205 | D        | Reached skill level 5 in Armour
   205 | D        | Reached XP level 6. HP: 16/55 MP: 6/6
   209 | D        | Killed an orc warrior
   209 | D        | Reached skill level 9 in Polearms
   210 | D        | Reached ** piety under Trog
   449 | D        | Noticed an orc warrior
   449 | D        | Noticed a black bear
   449 | D        | Noticed a troll
   454 | D        | Reached skill level 10 in Polearms
   454 | D        | Reached XP level 7. HP: 61/61 MP: 7/7
   457 | D        | Killed a troll
   457 | D        | Reached skill level 11 in Polearms
   460 | D        | Reached *** piety under Trog
   460 | D        | Reached skill level 5 in Dodging
   468 | D        | Reached skill level 12 in Polearms
   468 | D        | Reached XP level 8. HP: 48/70 MP: 8/8
   682 | D        | Noticed a black mamba
   682 | D        | Noticed a yak
   682 | D        | Noticed a cane toad
   684 | D        | Noticed a blink frog
   687 | D        | Killed a cane toad
   687 | D        | Reached skill level 1 in Evocations
   688 | D        | Noticed a cane toad
   694 | D        | Killed a yak
   694 | D        | Reached **** piety under Trog
   694 | D        | Reached skill level 13 in Polearms
   695 | D        | Noticed a cane toad
   708 | D        | Killed a black mamba
   708 | D        | Reached skill level 14 in Polearms
   708 | D        | Reached skill level 10 in Shields
   708 | D        | Reached XP level 9. HP: 78/78 MP: 9/9
   717 | D        | Reached skill level 10 in Fighting
   721 | D        | Killed a cane toad
   721 | D        | Reached skill level 15 in Polearms
   722 | D        | Slain by a cane toad

Illustrated notes

Levels and vault maps discovered:
D:        linesprint [early_d, line_temple, items_1, d_10, items_2, lair_1,
          lair_end, items_3, orc_1, orc_end, items_4, d_15, swamp_1, shoals_1,
          snake_1, spider_1, d_20, vaults_1, items_5, swamp_end, shoals_end,
          snake_end, spider_end, vaults_end, d_27, items_6, zot_1, zot_end,
          crypt_end, forest_end, elf_end, slime_end, tomb_end, abyss_end,
          pan_hell_end]

Skill      XL: |  1  2  3  4  5  6  7  8  9 |
---------------+----------------------------+-----
Fighting       | 4 5 6 7 8 9 10 | 10.2
Polearms       | 4 5 7 8 10 12 14 15 | 15.2
Armour         | 3 4 5 6 7 8 |  8.0
Shields        | 4 5 6 7 8 9 10 | 10.3
Dodging        | 1 2 3 4 5 6 7 |  7.1
Evocations     | 1 |  1.7
Stealth        | |  0.2

Action                   |  1- 3 |  4- 6 |  7- 9 || total
-------------------------+-------+-------+-------++-------
Melee: Trident           |    52 |    14 |    53 ||   119
Invok: Berserk           |       |     1 |     1 ||     2
Evoke: Wand              |       |     2 |     1 ||     3
  Use: Potion            |     1 |       |       ||     1
Armor: Scale mail        |    18 |     4 |     4 ||    26
Dodge: Dodged            |     8 |       |     6 ||    14
Block: Kite shield       |    22 |     4 |    12 ||    38

Table legend: (Time is in decaauts)
 A = Elapsed time spent in this place.
 B = Non-inter-level travel time spent in this place.
 C = Inter-level travel time spent in this place.
 D = Time resting spent in this place.
 E = Time spent auto-exploring this place.
 F = Levels seen in this place.
 G = Mean time per level.
                   A        B        C        D        E       F      G
               +--------+--------+--------+--------+--------+-----+--------+
         Total |    730 |    730 |      0 |    304 |    200 |   1 |  730.0 |
       Dungeon |    730 |    730 |      0 |    304 |    200 |   1 |  730.0 |
               +--------+--------+--------+--------+--------+-----+--------+

Top non-repeatable levels by time:
       D: 730 daAuts
